Map: Canyon of Tribulation

Players

Gunbunniz - Winner!

  • Race: Zerg Zerg

BrokenJarX - Winner!

  • Race: Zerg Zerg
  • League: Diamond

PracticeX - Winner!

  • Race: Terran Terran
  • League: Grandmaster

Tapirus

  • Race: Terran Terran
  • League: Diamond

Lake

  • Race: Zerg Zerg
  • League: Diamond

heterosis

  • Race: Terran Terran
  • League: Diamond

VOD

Have the link to the VOD?

Description

Time

  • Played on: April 26, 2022, 12:21 a.m.
  • Length: 5:31
Show
View Real Time Build Order
Export as new Build Order

Gunbunniz Zerg - Winner!

Build Orders: Hatch First, Zergling Baneling 

Get SALT Encoding   

  12  0:01  Drone  
  13  0:08  Drone  
  14  0:17  Overlord  
  14  0:27  Extractor  
  14  0:28  Drone  
  15  0:36  Drone  
  15  0:42  Drone  
  17  0:44  Drone  
  18  0:58  Hatchery  
  18  1:02  Drone  
  18  1:03  Extractor  
  17  1:16  Spawning Pool  
  16  1:19  Drone  
  16  1:22  Drone  
  18  1:27  Drone  
  19  1:37  Overlord  
  19  1:54  Drone  
  19  2:00  Drone  
  21  2:06  Queen  
  23  2:13  Queen  
  23  2:14  Zergling x2  
  23  2:15  Drone  
  27  2:23  Drone x2  
  27  2:27  Metabolic Boost  
  29  2:35  Spine Crawler, Zergling x4  
  30  2:42  Zergling x2  
  30  2:43  Zergling x2  
  31  2:55  Drone, Zergling x2  
  33  3:00  Baneling Nest  
  32  3:10  Zergling x4  
  33  3:14  Zergling x2  
  33  3:17  Zergling x2  
  35  3:30  Zergling x2  
  35  3:31  Overlord x2  
  36  3:42  Overlord  
  36  3:56  Zergling x2  
  36  3:57  Zergling x14  
  36  4:02  Baneling x6  
  44  4:03  Baneling x2, Zergling x2  
  44  4:07  Zergling x6  
  48  4:12  Zergling x4  
  50  4:24  Zergling x4  
  49  4:42  Zergling x8  
  49  4:43  Zergling x2  
  50  4:50  Zergling x2  
  50  4:51  Zergling x2  
  44  4:55  Zergling x2  
  43  5:04  Zergling x6  
  43  5:06  Zergling x4  
  49  5:07  Zergling x2  
Show
View Real Time Build Order
Export as new Build Order

BrokenJarX Zerg - Winner!

Build Orders: Pool First 

Get SALT Encoding   

  12  0:00  Drone  
  13  0:12  Overlord  
  13  0:18  Drone  
  14  0:35  Drone x2  
  16  0:59  Extractor  
  16  1:00  Drone x3  
  16  1:01  Spawning Pool  
  17  1:18  Drone  
  18  1:26  Drone, Hatchery  
  18  1:42  Drone  
  19  1:50  Hatchery  
  18  1:54  Drone  
  18  1:56  Drone  
  20  2:06  Queen  
  22  2:13  Overlord  
  22  2:32  Zergling x4  
  22  2:33  Metabolic Boost  
  24  2:40  Drone  
  24  2:42  Drone  
  26  3:00  Drone x2  
  26  3:02  Queen  
  26  3:03  Queen  
  26  3:04  Drone  
  34  3:05  Drone  
  34  3:13  Drone  
  34  3:14  Drone x2  
  34  3:19  Overlord  
  37  3:25  Pneumatized Carapace  
  37  3:34  Drone  
  37  3:35  Drone x3  
  37  3:36  Drone  
  42  3:42  Lair  
  42  3:47  Drone x2  
  44  3:48  Drone  
  45  4:06  Drone  
  45  4:07  Drone x4  
  45  4:09  Overlord x2  
  50  4:10  Overlord  
  50  4:16  Extractor, Drone  
  50  4:17  Extractor, Drone  
  50  4:30  Drone x4  
  50  4:31  Drone x2  
  56  4:34  Drone x4  
  56  4:35  Drone  
  61  4:51  Drone x2  
  61  4:52  Drone x5  
  68  4:54  Extractor  
  68  4:55  Extractor  
  66  5:02  Drone, Spire  
  66  5:03  Extractor, Drone x4  
  66  5:06  Drone  
Show
View Real Time Build Order
Export as new Build Order

PracticeX Terran - Winner!

Build Orders: 2 Factory, Reaper Expand 

Get SALT Encoding   

  12  0:01  SCV  
  13  0:13  SCV  
  14  0:20  Supply Depot  
  14  0:25  SCV  
  15  0:41  SCV  
  15  0:42  Barracks  
  16  0:46  Refinery  
  16  0:53  SCV  
  17  1:05  SCV  
  18  1:18  SCV  
  19  1:30  Orbital Command  
  19  1:32  Reaper  
  20  1:43  Command Center  
  20  1:55  SCV  
  21  2:02  Supply Depot  
  21  2:07  SCV, Marine  
  23  2:15  Factory  
  23  2:24  SCV  
  24  2:30  Barracks Reactor  
  24  2:32  Refinery  
  24  2:36  SCV  
  25  2:48  SCV  
  26  3:00  SCV  
  26  3:01  Orbital Command  
  26  3:03  Factory  
  27  3:12  SCV  
  28  3:15  Barracks Tech Lab, Hellion x2  
  32  3:21  Supply Depot  
  32  3:24  SCV  
  32  3:26  SCV  
  34  3:34  Supply Depot  
  34  3:36  SCV  
  34  3:37  Hellion x2  
  34  3:38  SCV  
  40  3:49  SCV  
  40  3:51  SCV  
  42  4:00  Infernal Pre-Igniter  
  42  4:01  SCV  
  42  4:03  SCV  
  43  4:13  SCV  
  43  4:15  SCV  
  43  4:16  Hellion x2  
  49  4:17  Command Center  
  49  4:25  SCV  
  49  4:26  Cyclone  
  49  4:27  SCV  
  49  4:29  Supply Depot  
  54  4:37  SCV  
  55  4:39  SCV  
  55  4:43  Hellion x2  
  60  4:54  SCV x2  
  62  5:06  SCV x2  
  64  5:09  Refinery x2  
  64  5:10  Supply Depot  
  64  5:12  Factory  
  62  5:14  Factory  
  62  5:18  SCV  
  66  5:28  Armory  
  66  5:30  Armory  
Show
View Real Time Build Order
Export as new Build Order

Tapirus Terran 

Build Orders: Reaper Expand 

Get SALT Encoding   

  12  0:00  SCV  
  13  0:12  SCV  
  14  0:19  Supply Depot  
  14  0:24  SCV  
  15  0:41  SCV  
  16  0:45  Barracks  
  16  0:51  Refinery  
  16  0:53  SCV  
  17  1:05  SCV  
  18  1:18  SCV  
  19  1:27  Command Center  
  19  1:36  Reaper  
  20  1:43  Orbital Command  
  20  1:57  Supply Depot  
  20  2:11  SCV  
  20  2:13  Barracks Reactor  
  21  2:23  SCV  
  22  2:31  Factory  
  22  2:35  SCV  
  23  2:53  Orbital Command  
  23  2:55  SCV, Marine x2  
  26  3:07  SCV  
  27  3:13  Marine x2  
  27  3:16  Starport  
  27  3:18  Factory Tech Lab  
  29  3:30  SCV  
  29  3:31  Marine x2  
  32  3:38  Refinery  
  32  3:42  SCV x2  
  34  3:49  Marine x2  
  34  3:54  SCV  
  37  4:01  SCV  
  37  4:05  Siege Tank  
  37  4:06  SCV, Marine  
  37  4:07  Marine  
  43  4:10  Barracks  
  43  4:13  Barracks, SCV  
  43  4:14  Supply Depot  
  44  4:18  SCV  
  44  4:21  Command Center  
  45  4:25  SCV, Starport Reactor  
  46  4:34  Supply Depot  
  46  4:35  Marine x2  
  38  4:53  SCV  
  38  4:54  SCV  
  38  4:57  Refinery, Marine x2  
  38  4:58  Refinery, Siege Tank  
  45  5:05  SCV  
  45  5:06  SCV, Barracks Reactor  
  45  5:07  Barracks Tech Lab  
  49  5:17  SCV  
  49  5:18  SCV  
Show
View Real Time Build Order
Export as new Build Order

Lake Zerg 

Build Orders: Hatch First 

Get SALT Encoding   

  12  0:00  Drone  
  13  0:14  Overlord  
  13  0:18  Drone  
  14  0:34  Drone x2  
  16  0:46  Drone  
  17  0:58  Hatchery  
  17  1:01  Drone  
  17  1:10  Extractor, Drone  
  17  1:29  Spawning Pool  
  17  1:30  Drone  
  17  1:34  Drone x2  
  19  1:43  Overlord  
  19  1:54  Drone  
  20  2:05  Drone  
  20  2:07  Hatchery  
  20  2:12  Drone  
  20  2:14  Drone  
  22  2:20  Queen  
  24  2:30  Queen  
  24  2:35  Drone  
  27  2:38  Drone  
  27  2:42  Drone  
  29  2:47  Metabolic Boost  
  29  2:56  Drone x3  
  32  3:04  Lair  
  32  3:11  Queen  
  34  3:13  Zergling x2  
  34  3:15  Zergling x2  
  34  3:19  Zergling x2  
  37  3:20  Zergling x2  
  37  3:25  Zergling x4  
  40  3:32  Baneling Nest, Zergling x2  
  40  3:36  Zergling x2  
  40  3:37  Zergling x2  
  42  3:42  Overlord  
  42  3:56  Overlord  
  42  4:04  Queen  
  42  4:06  Drone  
  42  4:07  Drone x5  
  42  4:08  Overlord  
  50  4:24  Spire  
  49  4:26  Extractor  
  49  4:28  Extractor, Drone x3  
  49  4:30  Extractor  
  47  4:49  Zergling x16  
  47  4:50  Zergling x6  
  54  4:58  Zergling x2  
  54  5:03  Zergling x2  
  54  5:04  Zergling x4  
Show
View Real Time Build Order
Export as new Build Order

heterosis Terran 

Build Orders:  

Get SALT Encoding   

  12  0:00  SCV  
  13  0:12  SCV  
  14  0:18  Supply Depot  
  14  0:24  SCV  
  15  0:40  SCV  
  15  0:41  Barracks  
  16  0:52  SCV  
  16  0:53  Refinery  
  18  1:04  SCV  
  18  1:16  SCV  
  20  1:33  Orbital Command  
  20  1:36  Reaper  
  20  1:47  Command Center  
  20  1:59  SCV  
  20  2:01  Supply Depot  
  21  2:11  SCV  
  22  2:20  Barracks  
  22  2:22  Refinery  
  22  2:25  Barracks Reactor  
  23  2:33  Barracks  
  23  2:36  SCV  
  23  2:48  SCV  
  24  3:01  SCV, Marine x2  
  28  3:09  Orbital Command  
  27  3:13  SCV  
  28  3:20  Supply Depot  
  28  3:23  Supply Depot  
  28  3:25  SCV  
  29  3:34  Marine x2  
  29  3:37  SCV  
  32  3:42  SCV, Barracks Tech Lab  
  32  3:43  Barracks Tech Lab  
  33  3:49  SCV  
  33  3:54  SCV  
  35  3:56  Marine x2  
  35  4:01  SCV, Combat Shield  
  37  4:03  Marine  
  37  4:06  SCV  
  39  4:13  SCV  
  39  4:14  Marine  
  41  4:18  SCV  
  41  4:20  Marine x2  
  41  4:21  Marine  
  45  4:25  SCV  
  45  4:30  SCV  
  47  4:32  Marine  
  47  4:34  Engineering Bay  
  47  4:37  SCV  
  49  4:42  SCV  
  43  4:49  SCV  
  42  4:54  SCV  
  43  5:02  SCV  
  43  5:07  SCV  
  43  5:14  SCV  
Tags
 
Add a new tag
Caveats
  • Supply blocks, unpowered buildings, or Contaminate may cause inaccurate times.
  • Supply counts are checked every 10 seconds.